AoeStats
← ToKhin

Oasis

509679415Analyzed
3v3 RM · 5d ago on Sep 27, 2026· 40m 34s· 6 players
Game mode
Random Map
Map size
Normal (6 player)
Population
200
Speed
Normal
Resources
Standard
Victory
Conquest
Starting age
Dark Age
Ending age
Imperial Age
RankedLock teamsTeams togetherTeam positionsShared explorationLock speedFull tech treeHidden civsTurbo modeCheats
Victory
Defeat
🇵🇪 Chinese · Peru
1184
+15
🇧🇪 Japanese · Belgium
1154
+16
🇨🇭 Persians · Switzerland
1141
+18
🇻🇳 Cumans · Vietnam
1173
-17
🇻🇳 Teutons · Vietnam
1173
-17
🇦🇺 Franks · Australia
1125
-15
Civilgarlic
7:41 Loom
10:02 Feudal Age
17:59 Castle Age
16:44 Forging
18:04 Double-Bit Axe
18:01 Horse Collar
19:08 Scale Barding Armor
24:06 Gold Mining
25:51 Gold Shaft Mining
31:28 Imperial Age
29:35 Wheelbarrow
29:56 Chain Barding Armor
30:16 Husbandry
30:31 Bloodlines
31:21 Iron Casting
31:21 Heavy Plow
31:42 Hand Cart
32:58 Crop Rotation
33:33 Gold Shaft Mining
33:18 Bow Saw
32:54 Heavy Camel Rider
34:23 Plate Barding Armor
35:09 Cavalier
37:28 Savar
TLDR
7:52 Loom
10:17 Feudal Age
10:19 Man-at-Arms
12:42 Arson
15:11 Horse Collar
23:27 Castle Age
21:44 Scale Mail Armor
24:06 Pikeman
25:18 Scale Barding Armor
25:23 Forging
26:04 Bloodlines
25:54 Husbandry
27:39 Chain Barding Armor
29:04 Double-Bit Axe
34:39 Bow Saw
36:00 Squires
37:17 Ballistics
36:51 Fletching
39:49 Wheelbarrow
Alastor1001
0:31 Loom
11:08 Feudal Age
13:34 Double-Bit Axe
16:29 Castle Age
15:25 Horse Collar
21:16 Heavy Plow
24:52 Gold Mining
25:14 Bow Saw
27:08 Wheelbarrow
27:53 Gold Shaft Mining
30:26 Imperial Age
27:55 Pikeman
28:54 Fletching
29:06 Stone Mining
29:38 Forging
29:29 Scale Mail Armor
29:30 Padded Archer Armor
29:48 Masonry
30:07 Hand Cart
30:04 Bodkin Arrow
33:19 Bracer
33:34 Leather Archer Armor
33:35 Chain Mail Armor
34:26 Chemistry
33:47 Ballistics
34:10 Thumb Ring
35:11 Conscription
35:29 Iron Casting
35:53 Halberdier
37:12 Plate Mail Armor
37:14 Ring Archer Armor
37:30 Squires
38:32 Blast Furnace
38:23 Elite Chu Ko Nu
39:41 Stone Shaft Mining
39:25 Arson
39:52 Heavy Rocket Cart
ToKhin
2:35 Loom
10:35 Feudal Age
11:31 Double-Bit Axe
11:31 Horse Collar
18:36 Castle Age
17:22 Forging
21:58 Bow Saw
23:20 Scale Barding Armor
24:26 Gold Mining
24:54 Heavy Plow
25:38 Stone Mining
27:17 Wheelbarrow
28:09 Stone Shaft Mining
32:38 Pikeman
36:35 Iron Casting
thetoaninfo
6:06 Loom
9:24 Feudal Age
10:32 Double-Bit Axe
12:24 Horse Collar
20:21 Castle Age
19:06 Bloodlines
19:25 Forging
19:48 Scale Barding Armor
21:15 Wheelbarrow
23:05 Town Watch
24:08 Bow Saw
25:05 Gold Mining
25:06 Stone Mining
25:51 Fervor
28:43 Fletching
29:29 Iron Casting
34:55 Imperial Age
34:02 Bodkin Arrow
34:07 Padded Archer Armor
34:32 Hand Cart
35:46 Leather Archer Armor
35:59 Ballistics
36:33 Conscription
37:31 Chemistry
37:40 Elite Kipchak
39:22 Ring Archer Armor
38:49 Murder Holes
TinTin
7:44 Loom
9:44 Feudal Age
13:33 Fletching
14:08 Double-Bit Axe
27:41 Castle Age
26:20 Stone Mining
28:53 Bow Saw
28:07 Pikeman
28:50 Squires
34:23 Fletching
41:12 Ballistics
Connection lost

Rejoining the realm…

Still unreachable

The connection could not be restored.

Session expired

The server has moved on; the page needs a fresh start.